 Dungeon Crawl Stone Soup version 0.23.0 (webtiles) character file.

Game seed: 12869506185073796431

41 LucaMisel the Skirmisher (level 3, -2/33 HPs)
             Began as a Hill Orc Fighter on Feb 12, 2019.
             Was a Follower of Cheibriados.
             Slain by a gnoll
             ... wielding a +0 spear
              (3 damage)
             ... on level 2 of the Dungeon.
             The game lasted 00:07:08 (1047 turns).

LucaMisel the Skirmisher (Hill Orc Fighter)         Turns: 1047, Time: 00:07:08

Health: -2/33      AC:  5    Str: 21    XL:     3   Next: 52%
Magic:  3/3        EV:  8    Int: 10    God:    Cheibriados [*.....]
Gold:   32         SH:  9    Dex: 12    Spells: 2/2 levels left

rFire    . . .     SeeInvis .   a - +0 war axe
rCold    . . .     Gourm    .   c - +0 shield
rNeg     . . .     Faith    .   k - +0 ring mail
rPois    .         Spirit   .   (no helmet)
rElec    .         Reflect  .   (no cloak)
rCorr    .         Harm     .   (no gloves)
MR       .....                  (no boots)
Stlth    +.........             (no amulet)
HPRegen  0.11/turn              (no ring)
MPRegen  0.08/turn              (no ring)

@: very slow
A: no striking features
a: Bend Time, Renounce Religion


You were on level 2 of the Dungeon.
You worshipped Cheibriados.
Cheibriados was aware of your devotion.
You were not hungry.

You visited 1 branch of the dungeon, and saw 2 of its levels.

You collected 32 gold pieces.

Inventory:

Hand Weapons
 a - a +0 war axe (weapon)
 h - a +0 whip
Missiles
 e - 21 stones
 g - 25 arrows
 j - a throwing net (quivered)
Armour
 b - a +0 scale mail
 c - a +0 shield (worn)
 i - a +0 robe
 k - a +0 ring mail (worn)
Scrolls
 l - a scroll of amnesia {unknown}
Potions
 d - a potion of might
Comestibles
 f - 2 rations


   Skills:
 + Level 4.1 Fighting
 + Level 3.3 Axes
 + Level 3.7 Armour
 + Level 0.6 Dodging
 + Level 3.5 Shields


You had 2 spell levels left.
You didn't know any spells.
Your spell library was empty.

Dungeon Overview and Level Annotations

Branches:
Dungeon (2/15)

Altars:
Cheibriados


Message History

You kill the gnoll!
Cheibriados appreciates the change of pace.
The gnoll throws a stone.
The stone hits you.
* * * LOW HITPOINT WARNING * * *
A kobold comes into view. It is wielding a +0 short sword.
You block the gnoll's attack. The gnoll completely misses you.
The gnoll throws a stone.
The stone hits you.
* * * LOW HITPOINT WARNING * * *
You see here a stone.
The kobold shouts!
The gnoll throws a stone.
The stone hits you.
* * * LOW HITPOINT WARNING * * *
You see here a stone.
The gnoll throws a stone.
You block the stone. You block the gnoll's attack.
You see here a stone.
The kobold throws a stone.
You block the stone.
You see here a stone.
You open the door.
The gnoll hits you from afar with a +0 spear.
You die...

....... #..........#
.......########..........#
.........................#
............>............#
.....K.....#.##..........#
......).......#....)8....#
####.#((g....+....8.8...#
#.####(...#...8._.8..#
#....'@........8.8..##
######....#.#...8...###
♣...#.............
♣.P..####.######## ♣.P♣♣..
#. P.♣♣ P♣### ..♣ ♣ .P♣


You could see a gnoll.

Vanquished Creatures
  A gnoll (D:2)
  An ooze (D:1)
  A worm (D:2)
  A dart slug (D:1)
  A ball python (D:1)
  A giant cockroach (D:1)
  5 goblins
  2 hobgoblins (D:1)
  4 bats (D:1)
  A frilled lizard (D:1)
  5 kobolds (D:1)
  A rat (D:1)
24 creatures vanquished.

Vanquished Creatures (others)
  A ghoul (D:1)
  A minotaur (D:1)
  An octopode (D:1)
  2 gargoyles (D:1)
  A vine stalker (D:1)
  An elf (D:1)
  A spriggan (D:1)
  2 vampires (D:1)
  2 dwarves (D:1)
  2 mummies (D:1)
  A kobold (D:1)
  4 tentacles (D:1)
19 creatures vanquished.

Grand Total: 43 creatures vanquished

Notes
Turn   | Place    | Note
-------+----------+-------------------------------------------
     0 | D:1      | LucaMisel the Hill Orc Fighter began the quest for the Orb.
     0 | D:1      | Reached XP level 1. HP: 19/19 MP: 1/1
     2 | D:1      | Noticed a vine stalker
     2 | D:1      | Noticed an elf
     2 | D:1      | Noticed a vampire
     2 | D:1      | Noticed a spriggan
     2 | D:1      | Noticed a gargoyle
     2 | D:1      | Noticed a gargoyle
     2 | D:1      | Noticed a vampire
     2 | D:1      | Noticed a kraken
     2 | D:1      | Noticed a minotaur
     2 | D:1      | Noticed a ghoul
     2 | D:1      | Noticed an octopode
     2 | D:1      | Noticed a dwarf
     2 | D:1      | Noticed a dwarf
     5 | D:1      | Killed a minotaur
     6 | D:1      | Killed an octopode
     7 | D:1      | Killed a gargoyle
     7 | D:1      | Killed a dwarf
     9 | D:1      | Killed a vampire
    11 | D:1      | Killed a vampire
    11 | D:1      | Killed a spriggan
    11 | D:1      | Killed an elf
    12 | D:1      | Killed a gargoyle
    14 | D:1      | Killed a dwarf
    16 | D:1      | Killed a vine stalker
    19 | D:1      | Killed a ghoul
    54 | D:1      | Reached XP level 2. HP: 22/27 MP: 2/2
    97 | D:1      | Reached skill level 4 in Fighting
   291 | D:1      | Reached XP level 3. HP: 9/33 MP: 3/3
   991 | D:2      | Found a faded altar of an unknown god.
  1010 | D:2      | Became a worshipper of Cheibriados the Contemplative
  1010 | D:2      | Reached * piety under Cheibriados
  1044 | D:2      | HP: 1/33 [gnoll/stone (1)]
  1047 | D:2      | Slain by a gnoll

Skill      XL: |  1  2 |
---------------+-------+-----
Fighting       | 4 |  4.1
Axes           | 3 |  3.3
Armour         | |  3.7
Dodging        | |  0.6
Shields        | |  3.5

Action                   || total
-------------------------++-------
Melee: War axe           ||    58
Throw: Throwing net      ||     1
  Use: Scroll            ||     1
       Potion            ||     1
Armor: Scale mail        ||    23
       Ring mail         ||     1
Dodge: Dodged            ||    22
Block: Shield            ||    25
